 Dungeon Crawl Stone Soup version 0.17.1-3-g152610e (webtiles) character file.

1761 kaze the Ducker (level 8, 0/63 HPs)
             Began as a Demonspawn Berserker on Apr 19, 2016.
             Was a High Priest of Trog.
             Slain by an unseen horror (2 damage)
             ... on level 7 of the Dungeon.
             The game lasted 00:12:39 (5916 turns).

kaze the Ducker (Demonspawn Berserker)              Turns: 5916, Time: 00:12:39

Health: 0/63       AC: 21    Str: 21    XL:     8   Next: 79%
Magic:  8/8        EV:  9    Int:  8    God:    Trog [*****.]
Gold:   306        SH:  8    Dex: 12    Spells: 0 memorised, 7 levels left

rFire  . . .     SeeInvis .     H - +4 mace (protect)
rCold  . . .     Clarity  .     f - +0 scale mail
rNeg   . . .     SustAt   .     v - +0 shield
rPois  .         Gourm    .     t - +1 helmet
rElec  .         Spirit   .     d - +2 cloak
rCorr  .         Warding  .     (no gloves)
rMut   .         Stasis   .     (no boots)
MR     .....                    (no amulet)
Stlth  ..........               (no ring)
                                s - ring of invisibility

@: not resistant to hostile enchantments, extremely unstealthy
A: hooves 2, thin metallic scales 2, demonic guardian 1
a: Berserk, Trog's Hand, Brothers in Arms, Burn Spellbooks, Renounce Religion,
Evoke Invisibility


You were on level 7 of the Dungeon.
You worshipped Trog.
Trog was extremely pleased with you.
You were hungry.

You visited 1 branch of the dungeon, and saw 7 of its levels.

You collected 394 gold pieces.
You spent 88 gold pieces at shops.

Inventory:

Hand Weapons
 H - a +4 mace of protection (weapon)
Missiles
 l - 6 tomahawks (quivered)
Armour
 d - a +2 cloak (worn)
 f - a +0 scale mail (worn)
 t - a +1 helmet (worn)
 v - a +0 shield (worn)
Jewellery
 s - a ring of invisibility (left hand)
Wands
 m - a wand of teleportation (7)
 r - a wand of heal wounds (6)
 u - a wand of polymorph (17)
 y - a wand of confusion (21)
 D - a wand of fire (8)
Scrolls
 b - a scroll of immolation {unknown}
 c - a scroll of noise {unknown}
 e - a scroll of fear
 h - 5 scrolls of identify
 i - 2 scrolls of random uselessness
 j - 2 scrolls of magic mapping
 q - a scroll of remove curse
Potions
 a - a potion of lignification
 g - a potion of brilliance
 k - a potion of degeneration
 o - a potion of curing
 w - a potion of mutation {unknown}
 A - a potion of might
Comestibles
 p - 4 fruits
 z - 2 bread rations
 B - a meat ration


   Skills:
 + Level 5.5 Fighting
   Level 0.6(2.4) Short Blades
   Level 3.7(3.8) Long Blades
   Level 0.5(2.3) Axes
 + Level 2.4 Maces & Flails
   Level 2.5 Polearms
 + Level 5.5 Armour
 + Level 5.6 Dodging
 + Level 1.8 Stealth
 + Level 1.6 Shields


You had 7 spell levels left.
You didn't know any spells.

Dungeon Overview and Level Annotations

Branches:
Dungeon (7/15)             Temple (0/1) D:7

Altars:
Ashenzari
Nemelex Xobeh
Okawaru
Trog

Shops:
D:4 !   D:6 *

Annotations:
D:7 Prince Ribbit


Innate Abilities, Weirdness & Mutations

You have hoof-like feet.
You are mostly covered in thin metallic scales (AC +3).
A weak demonic guardian rushes to your aid.


Message History

You hit something. Something hits you but does no damage.
Something hits you but does no damage. x2
You hit something. Your kick misses something. Something hits you.
Something completely misses you. Something hits you but does no damage.
Something hits you but does no damage. x2
You hit something. You kick something. Something hits you but does no damage.
Something hits you!
You closely miss something. You kick something. Something hits you.
Something hits you but does no damage. Something hits you.
* * * LOW HITPOINT WARNING * * *
You hit something. Your kick misses something.
Something hits you but does no damage. x3
You thump something! You kick something. Something hits you but does no damage.
Something hits you!
* * * LOW HITPOINT WARNING * * *
You hit something but do no damage. Something hits you.
* * * LOW HITPOINT WARNING * * *
Something hits you.
You die...

######## #......#
#......###############
#........@............
#......###########....
#......# . #......#
###......##.
#>..........
###.###.###.. #.....#
# ###.#######


There were no monsters in sight!

Vanquished Creatures
  A phantom (D:7)
  A black bear (D:6)
  2 sky beasts
  2 ogres
  A giant frog (D:7)
  The ghost of kaze the Covered, a weakling HOFi (D:4)
  4 wights (D:7)
  A scorpion (D:4)
  A crimson imp (D:5)
  An orc priest (D:5)
  A giant frog zombie (D:5)
  2 giant frog skeletons
  A centaur skeleton (D:4)
  A hound (D:6)
  5 orc wizards
  2 gnoll shamans
  2 iguanas
  5 worker ants
  Robin (D:4)
  8 adders
  13 gnolls
  2 oozes
  5 worms
  An adder skeleton (D:6)
  7 giant geckos
  22 orcs
  3 ball pythons
  10 bats
  6 giant cockroaches
  10 hobgoblins
  3 quokkas
  3 giant newts
  16 goblins
  12 jackals
  6 kobolds
  9 rats
171 creatures vanquished.

Vanquished Creatures (collateral kills)
  A wight (D:7)
  An orc priest (D:3)
  A shadow imp (D:5)
  2 orcs (D:3)
  A goblin (D:4)
  A hobgoblin (D:4)
  A quokka (D:5)
  A rat (D:3)
9 creatures vanquished.

Grand Total: 180 creatures vanquished

Notes
Turn   | Place    | Note
--------------------------------------------------------------
     0 | D:1      | kaze the Demonspawn Berserker began the quest for the Orb.
     0 | D:1      | Reached XP level 1. HP: 18/18 MP: 1/1
   358 | D:1      | Gained mutation: You are partially covered in thin metallic scales (AC +2). [demonic ancestry]
   358 | D:1      | Reached XP level 2. HP: 24/24 MP: 2/2
   506 | D:1      | Reached ** piety under Trog
  1031 | D:2      | Gained mutation: You have large cloven feet. [demonic ancestry]
  1031 | D:2      | Reached XP level 3. HP: 26/29 MP: 3/3
  1157 | D:2      | Found a shattered altar of Ashenzari.
  1632 | D:2      | Gained mutation: A weak demonic guardian rushes to your aid. [demonic ancestry]
  1632 | D:2      | Reached XP level 4. HP: 26/36 MP: 4/4
  2015 | D:3      | Reached *** piety under Trog
  2036 | D:3      | Gained mutation: You are mostly covered in thin metallic scales (AC +3). [demonic ancestry]
  2036 | D:3      | Reached XP level 5. HP: 40/42 MP: 5/5
  2605 | D:3      | Reached XP level 6. HP: 48/48 MP: 6/6
  2653 | D:3      | Reached skill level 4 in Fighting
  2889 | D:4      | Noticed Robin
  2899 | D:4      | Reached **** piety under Trog
  2903 | D:4      | Noticed kaze's ghost (weakling HOFi)
  2905 | D:4      | Killed Robin
  2928 | D:4      | Killed kaze's ghost
  2928 | D:4      | Reached skill level 1 in Maces & Flails
  3247 | D:4      | Found Zion's Distillery.
  3251 | D:4      | Bought a potion of heal wounds for 55 gold pieces
  3251 | D:4      | Bought a potion of curing for 33 gold pieces
  3275 | D:4      | Found a sparkling altar of Nemelex Xobeh.
  3419 | D:4      | Noticed a moth of wrath
  3422 | D:4      | Found a bloodstained altar of Trog.
  3609 | D:4      | Reached XP level 7. HP: 40/54 MP: 7/7
  3839 | D:5      | Entered Level 5 of the Dungeon
  3878 | D:5      | Reached ***** piety under Trog
  3881 | D:5      | Reached skill level 1 in Polearms
  4754 | D:6      | Found Began's General Store.
  4851 | D:6      | Reached skill level 5 in Fighting
  4851 | D:6      | Reached skill level 1 in Stealth
  4851 | D:6      | Gained mutation: You have hoof-like feet. [demonic ancestry]
  4851 | D:6      | Reached XP level 8. HP: 42/62 MP: 8/8
  4969 | D:6      | Found an iron altar of Okawaru.
  5012 | D:6      | Reached skill level 5 in Dodging
  5352 | D:7      | Noticed Prince Ribbit
  5469 | D:7      | Reached skill level 5 in Armour
  5469 | D:7      | Reached skill level 1 in Shields
  5486 | D:7      | Found a staircase to the Ecumenical Temple.
  5915 | D:7      | HP: 2/63 [something (4)]
  5916 | D:7      | Slain by an unseen horror

Action                   |  1- 3 |  4- 6 |  7- 9 || total
-------------------------+-------+-------+-------++-------
Melee: Falchion          |   160 |    54 |       ||   214
       Hand axe          |       |    20 |       ||    20
       Flail             |       |   103 |       ||   103
       Halberd           |       |    47 |   110 ||   157
       Rapier            |       |       |    66 ||    66
       Mace              |       |       |   111 ||   111
Invok: Berserk           |     1 |     4 |     2 ||     7
       Trog's Hand       |       |     1 |     1 ||     2
       Burn Spellbooks   |       |     1 |       ||     1
  Use: Scroll            |     1 |     4 |     3 ||     8
       Potion            |       |     1 |    11 ||    12
  Eat: Chunk             |     3 |     2 |       ||     5
       Bread ration      |       |     2 |     1 ||     3
       Fruit             |       |     2 |       ||     2
       Beef jerky        |       |       |     2 ||     2
       Pizza             |       |       |     1 ||     1
